Unix NetHack Version 5.0.0-0 post-release - last build May 17 2026 04:57:42 (dc50c8380fa5e20985bfe3072449f57b8d9895ef,branch:main).

Game began 2026-05-21 19:53:50, ended 2026-05-21 19:59:58.

Ackbladder, neutral female gnomish Wizard

   ------------                ---------------           ---------------
   |(%)!(%!.?.|                |.........<....##      ###..............|
   |!([!?.!?!.|                |.............| ########  |.............|
   |?[@i?%%.).|               #..............| ######    |.............|
   |(=/.%.?!/+|     -----   ###|..............##    #####..............|
   |(.%!?=?.%@-#### |...|   #  --|------------           |.............|
   ------------   ##|...|####    ##                      ---------------
                   #|....#        ##
                   #....|          ####
                    -----         ----.----
                                  |{....>.|
                                  |.......|
                                  |(......|
                                  ---------

Ackbladder the Conjurer   St:10 Dx:13 Co:11 In:19 Wi:11 Ch:11  Neutral
Dlvl:3  $:0  HP:0(22) Pw:24(24) AC:9  Xp:3 T:1015  Hungry   Strained

Latest messages:
 You see here a scroll of light (for sale, 50 zorkmids).
 You see here a blue gem (for sale, 1500 zorkmids).
 You see here a balsa wand (for sale, 150 zorkmids).
 You drop a spellbook of light (unpaid, 100 zorkmids).
 You bought 2 tripe rations for 30 gold pieces.
 "Thank you for shopping in Holmavik's general store!"
 You do not owe Holmavik anything.
 You see here a balsa wand (for sale, 150 zorkmids).
 You see here a clear potion (for sale, 100 zorkmids).
 You see here a blue gem (for sale, 1500 zorkmids).
 "For you, good lady; only 1500 zorkmids for this blue gem."
 You have a little trouble lifting F - a blue gem (unpaid, 1500 zorkmids).
 You see here a clear potion (for sale, 100 zorkmids).
 You see here a ring mail (for sale, 100 zorkmids).
 "For you, honored lady; only 100 zorkmids for this ring mail."
 You have a little trouble lifting G - a ring mail (unpaid, 100 zorkmids).
 You see here a food ration (for sale, 45 zorkmids).
 You see here a banded mail (for sale, 90 zorkmids).
 You have much trouble lifting a banded mail.  Continue? [ynq] (q) y
 "For you, esteemed lady; only 90 zorkmids for this banded mail."
 You have much trouble lifting H - a banded mail (unpaid, 90 zorkmids).
 You stagger under your heavy load.  Movement is very hard.
 You see here a scroll of light (for sale, 50 zorkmids).
 You see here a clear potion (for sale, 5 zorkmids).
 You see here a food ration (for sale, 45 zorkmids).
 You see here a stethoscope (for sale, 75 zorkmids).
 You hear a jackal howling at the moon.
 You see here a gold ring (for sale, 133 zorkmids).
 You see here a pine wand (for sale, 150 zorkmids).
 You see here a sling (for sale, 20 zorkmids).
 "For you, most gracious lady; only 20 zorkmids for this sling."
 You have much trouble lifting I - a sling (unpaid, 20 zorkmids).
 You are beginning to feel hungry.
 You see here a food ration (for sale, 90 zorkmids).
 You see here a studded leather armor (for sale, 15 zorkmids).
 You see here a red gem (for sale, 500 zorkmids).
 "For you, good lady; only 500 zorkmids for this red gem."
 You have much trouble lifting J - a red gem (unpaid, 500 zorkmids).
 The manes hits!
 The manes hits again!
 The manes bites!
 The manes hits!
 The manes hits again!
 The manes bites!
 The manes hits!
 The manes hits again!
 The manes bites!
 You die...
 Holmavik comes and takes all your possessions.
 Do you want to see what you had when you died? [ynq] (y) q

Inventory:
 Weapons  (')')
  I - a +0 sling
  s - 8 cursed -1 shuriken
  a - a blessed +1 quarterstaff (weapon in hands)
 Armor    ('[')
  b - an uncursed +0 cloak of magic resistance (being worn)
  H - an uncursed +0 banded mail
  q - an uncursed +0 leather armor
  G - an uncursed +0 ring mail
 Comestibles  ('%')
  u - an uncursed food ration
  y - 2 uncursed tripe rations
  C - 2 uncursed tripe rations
  o - an uncursed lichen corpse
 Scrolls  ('?')
  k - an uncursed scroll of confuse monster
  p - an uncursed scroll of fire
  w - a blessed scroll of identify
  i - an uncursed scroll of identify
  j - 2 uncursed scrolls of light
  z - an uncursed scroll of teleportation
 Spellbooks  ('+')
  l - a blessed spellbook of force bolt
  m - an uncursed spellbook of identify
 Potions  ('!')
  f - an uncursed potion of confusion
  g - an uncursed potion of enlightenment
  A - a blessed potion of gain level
  r - an uncursed potion of healing
  h - an uncursed potion of object detection
 Rings    ('=')
  d - an uncursed ring of sustain ability
  e - an uncursed ring of teleport control (on right hand)
 Wands    ('/')
  B - a wand of digging (0:4)
  c - a wand of teleportation (0:4)
 Tools    ('(')
  t - an empty uncursed oilskin sack
  x - an uncursed leash
  n - a magic marker (0:21)
  v - an uncursed oil lamp
 Gems/Stones  ('*')
  J - an uncursed jasper stone
  F - an uncursed worthless piece of blue glass

Ackbladder the Wizard's attributes:

Background:
 You were a Conjurer, a level 3 female gnomish Wizard.
 You were neutral, on a mission for Thoth
 who was opposed by Ptah (lawful) and Anhur (chaotic).
 You were left-handed.
 You were in the Dungeons of Doom, on level 3.
 You entered the dungeon 1015 turns ago.
 You had 53 experience points, 27 more were needed to attain level 4.

Basics:
 You had 0 out of 22 hit points.
 You had all 24 energy points (spell power).
 Your armor class was 9.
 Your wallet was empty.
 Autopickup was off.

Final Characteristics:
 Your strength was 10 (limit:18/50).
 Your dexterity was 13 (limit:18).
 Your constitution was 11 (limit:18).
 Your intelligence was 19 (limit:19).
 Your wisdom was 11 (limit:18).
 Your charisma was 11 (limit:18).

Final Status:
 You were hungry.
 You were strained; movement was very slowed.
 You were wielding a quarterstaff.
 You had basic skill with quarterstaff.

Final Attributes:
 You were devoutly aligned.
 You were magic-protected.
 You were poison resistant.
 You had infravision.
 You had teleport control.
 You were warded.
 You are dead.

Miscellaneous:
 You didn't encounter any bones levels.
 Total elapsed playing time was 6 minutes and 7 seconds.

Major events:
 Turn
    1: Ackbladder the neutral female gnomish Wizard entered the dungeon
  786: attained the rank of Conjurer (level 3)
 1015: killed by a manes

Spells:
 Name                 Level Category     Fail Retention
 force bolt             1   attack         0%  91%-100%
 identify               3   divination    72%  76%-100%

Skills:
 Fighting Skills
   bare handed combat [Unskilled]
   riding             [Unskilled]
 Weapon Skills
   dagger             [Unskilled]
   knife              [Unskilled]
   axe                [Unskilled]
   short sword        [Unskilled]
   club               [Unskilled]
   mace               [Unskilled]
   quarterstaff       [Basic]
   polearms           [Unskilled]
   spear              [Unskilled]
   trident            [Unskilled]
   sling              [Unskilled]
   dart               [Unskilled]
   shuriken           [Unskilled]
 Spellcasting Skills
   attack spells      [Basic]
   healing spells     [Unskilled]
   divination spells  [Unskilled]
   enchantment spells [Basic]
   clerical spells    [Unskilled]
   escape spells      [Unskilled]
   matter spells      [Unskilled]

Voluntary challenges:
 Character rerolling was not enabled.
 You were illiterate.
 You never genocided any monsters.
 You never polymorphed an object.
 You never changed form.
 You used no wishes.
Achievements:
 You attained the rank of Conjurer.
 You entered a shop.

 The Dungeons of Doom: levels 1 to 4
    Level 1:
       Some fountains, a sink.
    Level 2:
    Level 3: <- You were here.
       A general store, a fountain.
       Final resting place for
          you, killed by a manes.
    Level 4:


Vanquished creatures:
  a shrieker
  a gas spore
  a large kobold
  a giant rat
  a gnome zombie
  a jackal
  a fox
  a kobold
  a goblin
  2 grid bugs
  a bat
  a lichen
  3 newts
16 creatures vanquished.

No species were genocided or became extinct.

Game over:
                       ----------
                      /          \
                     /    REST    \
                    /      IN      \
                   /     PEACE      \
                  /                  \
                  |    Ackbladder    |
                  |       0 Au       |
                  |   killed by a    |
                  |      manes       |
                  |                  |
                  |                  |
                  |       2026       |
                 *|     *  *  *      | *
        _________)/\\_//(\/(/\)/\//\/|_)_______

Goodbye Ackbladder the Wizard...

You died in The Dungeons of Doom on dungeon level 3 with 362 points,
and 0 pieces of gold, after 1015 moves.
You were level 3 with a maximum of 22 hit points when you died.

